Map: Ruinas de Seras

Players

jomare - Winner!

  • Race: Protoss Protoss
  • League: Platinum

Maturtle

  • Race: Terran Terran
  • League: Platinum

VOD

Have the link to the VOD?

Description

Time

  • Played on: Dec. 1, 2015, 12:36 p.m.
  • Length: 11:31
Show
View Real Time Build Order
Export as new Build Order

jomare Protoss - Winner!

Build Orders: Colossus Rush 

Get SALT Encoding   

  12  0:01  Probe (Chrono Boost)  
  13  0:12  Probe (Chrono Boost)  
  14  0:20  Pylon  
  14  0:23  Probe (Chrono Boost)  
  15  0:38  Probe (Chrono Boost)  
  15  0:40  Gateway  
  16  0:49  Probe (Chrono Boost)  
  17  0:51  Assimilator  
  17  0:56  Assimilator  
  17  0:59  Probe (Chrono Boost)  
  18  1:10  Probe (Chrono Boost), Pylon  
  19  1:20  Probe (Chrono Boost)  
  20  1:30  Cybernetics Core  
  20  1:31  Probe (Chrono Boost)  
  21  1:41  Probe (Chrono Boost)  
  22  1:52  Probe (Chrono Boost)  
  23  2:07  Mothership Core (Chrono Boost), Adept (Chrono Boost)  
  27  2:21  Warp Gate  
  27  2:24  Nexus  
  27  2:25  Probe (Chrono Boost)  
  28  2:34  Adept (Chrono Boost)  
  30  2:49  Probe  
  30  2:50  Pylon  
  31  2:53  Pylon  
  31  3:09  Stalker (Chrono Boost), Probe  
  31  3:11  Robotics Facility  
  34  3:20  Pylon  
  34  3:21  Probe  
  35  3:37  Probe  
  36  3:44  Probe  
  37  3:52  Probe  
  38  3:58  Probe  
  37  4:05  Mothership Core  
  37  4:07  Stalker (Chrono Boost)  
  37  4:09  Probe, Observer  
  43  4:19  Probe  
  44  4:26  Probe  
  44  4:30  Probe  
  45  4:34  Robotics Bay  
  45  4:36  Pylon  
  45  4:38  Probe  
  47  4:41  Probe (Chrono Boost)  
  48  4:50  Pylon  
  48  4:55  Pylon  
  48  4:59  Pylon  
  48  5:03  Pylon  
  48  5:08  Immortal, Probe x2 (Chrono Boost)  
  48  5:11  Twilight Council  
  54  5:15  Pylon  
  54  5:17  Pylon  
  54  5:18  Stalker  
  54  5:19  Probe (Chrono Boost)  
  57  5:26  Forge  
  57  5:27  Probe (Chrono Boost)  
  58  5:29  Probe (Chrono Boost)  
  58  5:32  Assimilator  
  59  5:37  Assimilator  
  59  5:38  Probe (Chrono Boost)  
  59  5:40  Probe (Chrono Boost)  
  61  5:43  Gateway  
  61  5:45  Gateway  
  61  5:49  Gateway  
  61  5:50  Pylon  
  61  5:57  Colossus  
  61  6:02  Probe (Chrono Boost)  
  68  6:04  Probe (Chrono Boost)  
  68  6:11  Protoss Ground Weapons Level 1 (Chrono Boost)  
  68  6:12  Probe  
  68  6:13  Probe  
  70  6:24  Zealot  
  70  6:25  Probe  
  72  6:26  Probe  
  72  6:29  Blink (Chrono Boost)  
  74  6:36  Probe  
  74  6:38  Probe  
  76  6:41  Nexus  
  76  6:46  Probe, Pylon  
  76  6:48  Pylon  
  76  6:51  Observer  
  76  6:53  Adept x2  
  82  6:58  Extended Thermal Lance (Chrono Boost)  
  82  7:06  Stalker x2  
  86  7:10  Probe  
  86  7:11  Probe  
  88  7:18  Stalker x2  
  88  7:22  Probe  
  93  7:27  Colossus (Chrono Boost), Probe  
  100  7:34  Probe  
  101  7:38  Probe  
  101  7:42  Stalker  
  104  7:47  Probe  
  104  7:50  Pylon  
  105  7:52  Probe  
  105  7:53  Probe  
  107  8:00  Adept  
  107  8:01  Adept x2  
  113  8:12  Stalker  
  115  8:24  Resonating Glaives (Chrono Boost)  
  106  8:35  Probe x3  
  106  8:39  Colossus  
  115  8:45  Probe  
  115  8:46  Stalker x3  
  115  8:47  Stalker, Probe  
  125  8:48  Probe  
  125  8:51  Pylon  
  126  8:56  Probe  
  126  8:58  Protoss Ground Weapons Level 2 (Chrono Boost)  
  126  9:00  Probe, Forge  
  128  9:02  Probe  
  128  9:03  Pylon  
  128  9:05  Pylon  
  128  9:09  Gateway  
  129  9:10  Gateway  
  121  9:21  Stalker  
  121  9:22  Stalker x3  
  125  9:44  Colossus  
  131  9:51  Probe  
  132  9:54  Assimilator  
  132  9:56  Assimilator  
  132  10:08  Adept x4  
  132  10:10  Pylon  
  132  10:12  Probe  
  141  10:16  Probe x2  
  143  10:22  Gateway  
  143  10:24  Gateway  
  143  10:26  Gateway  
  143  10:28  Gateway  
  143  10:31  Pylon  
  143  10:32  Probe  
  143  10:34  Photon Cannon  
  144  10:39  Adept x2  
  144  10:40  Adept  
  156  10:47  Stalker x2  
  160  10:51  Probe  
  160  10:56  Probe  
  161  10:59  Pylon  
  161  11:00  Adept  
  161  11:01  Adept  
  166  11:09  Pylon  
  166  11:12  Dark Shrine  
  166  11:26  Pylon  
Show
View Real Time Build Order
Export as new Build Order

Maturtle Terran 

Build Orders: Reaper Expand, MMM Bio 

Get SALT Encoding   

  12  0:01  SCV  
  13  0:13  SCV  
  14  0:18  Supply Depot  
  14  0:25  SCV  
  15  0:40  SCV  
  15  0:42  Barracks  
  16  0:45  Refinery  
  16  0:58  SCV  
  17  1:10  SCV  
  18  1:22  SCV  
  19  1:31  Reaper  
  20  1:35  Orbital Command  
  20  1:50  Command Center  
  20  1:56  Supply Depot  
  20  2:01  SCV  
  21  2:10  Barracks Reactor  
  21  2:13  SCV  
  22  2:16  Refinery  
  22  2:25  SCV  
  23  2:33  Factory  
  23  2:37  SCV  
  23  2:41  Bunker  
  24  2:46  Marine x2  
  25  2:52  Supply Depot  
  25  3:06  Barracks  
  25  3:08  Marine  
  25  3:09  Marine  
  27  3:19  Factory Tech Lab  
  27  3:27  Orbital Command  
  25  3:43  SCV  
  23  4:00  Cyclone  
  24  4:11  Marine x2  
  26  4:17  SCV  
  27  4:25  Barracks Tech Lab  
  27  4:29  SCV  
  27  4:30  Barracks, Marine x2  
  30  4:43  Siege Tank  
  30  4:45  SCV, Orbital Command  
  33  4:49  Stimpack  
  34  4:58  SCV, Barracks  
  35  5:03  Marauder  
  37  5:07  Marine x2  
  37  5:09  Engineering Bay  
  37  5:11  SCV  
  37  5:12  SCV  
  41  5:20  Barracks Reactor  
  41  5:23  SCV  
  41  5:24  SCV  
  41  5:28  Marine  
  43  5:29  Marine  
  43  5:30  Starport  
  43  5:35  SCV  
  46  5:36  Factory Reactor  
  46  5:37  Terran Infantry Weapons Level 1  
  47  5:42  SCV  
  47  5:47  SCV  
  47  5:48  Marine x2  
  50  5:54  Supply Depot  
  50  5:56  Supply Depot  
  50  6:00  Combat Shields  
  50  6:02  SCV  
  51  6:07  Starport Reactor  
  51  6:08  Marine  
  51  6:09  Marine  
  51  6:10  SCV  
  54  6:29  Command Center  
  54  6:37  Marauder  
  54  6:38  Marauder  
  58  6:41  SCV  
  58  6:42  SCV  
  60  6:51  Medivac  
  60  6:52  Medivac  
  64  6:54  SCV  
  65  7:02  Supply Depot  
  65  7:03  SCV  
  65  7:07  SCV  
  67  7:11  Marauder  
  69  7:17  SCV, Supply Depot  
  70  7:23  SCV  
  70  7:24  Marauder  
  73  7:35  Viking x2  
  77  7:38  Barracks  
  77  7:40  Supply Depot  
  77  7:44  Orbital Command  
  77  7:48  Marine  
  77  7:49  Marine x2  
  77  7:51  SCV  
  81  7:52  SCV  
  82  8:03  SCV  
  82  8:04  Terran Infantry Armor Level 1, SCV  
  84  8:06  Engineering Bay  
  84  8:11  SCV  
  85  8:15  SCV  
  85  8:16  SCV  
  83  8:24  Marine x2  
  83  8:25  Marauder  
  86  8:34  SCV x3  
  89  8:36  Viking x2  
  91  8:41  Marine x3  
  91  8:46  SCV x3  
  97  8:49  Supply Depot  
  97  8:50  Supply Depot  
  97  8:53  Barracks Reactor  
  97  8:58  SCV x2  
  97  8:59  SCV  
  97  9:00  Marine  
  101  9:10  SCV x2  
  101  9:11  SCV  
  101  9:15  Marine x2  
  101  9:16  Marauder  
  91  9:17  Marine x2  
  91  9:18  Marine  
  91  9:22  SCV x2  
  91  9:23  SCV  
  82  9:29  Marine x2  
  82  9:33  Marine x2  
  82  9:34  SCV x2  
  82  9:35  Marauder, Marine  
  82  9:36  Marine  
  82  9:37  Marauder  
  84  9:47  Marine x2  
  84  9:50  SCV  
  84  9:51  SCV, Marine x2  
  90  9:52  Marine  
  90  9:54  Marine  
  90  9:56  Viking x2  
  90  9:57  Marauder  
  90  9:58  Marine  
  99  10:04  Marine  
  99  10:05  Marine  
  101  10:10  Refinery  
  101  10:11  Marine x2  
  101  10:12  Ghost Academy  
  101  10:13  Barracks, Marine  
  104  10:20  Supply Depot, Barracks  
  104  10:21  Supply Depot  
  104  10:22  Concussive Shells  
  104  10:23  Armory, Marauder  
  104  10:26  Refinery  
  104  10:27  SCV x3  
  109  10:35  Supply Depot  
  109  10:39  SCV x2, Marauder  
  109  10:40  SCV, Marine  
  114  10:45  Marauder  
  114  10:49  Refinery  
  116  10:50  Supply Depot, Refinery  
  116  10:51  SCV  
  116  10:54  Viking, Marine x4  
  123  11:00  Barracks Tech Lab  
  123  11:08  Barracks Tech Lab  
  123  11:09  Command Center, Marine  
Tags
 
Add a new tag
Caveats
  • Supply blocks, unpowered buildings, or Contaminate may cause inaccurate times.
  • Supply counts are checked every 10 seconds.